 Dungeon Crawl Stone Soup version 0.21.1-1-g345015fe64 (webtiles) character file.

396 Gargoyl the Skirmisher (level 6, -4/53 HPs)
             Began as a Centaur Abyssal Knight on May 20, 2018.
             Was a Believer of Lugonu.
             Splashed by an oklob sapling's acid (6 damage)
             ... on level 4 of the Dungeon.
             The game lasted 00:05:44 (3469 turns).

Gargoyl the Skirmisher (Centaur Abyssal Knight)     Turns: 3469, Time: 00:05:45

Health: -4/53      AC:  6    Str: 14    XL:     6   Next: 52%
Magic:  8/8        EV:  2    Int: 11    God:    Lugonu [**....]
Gold:   211        SH:  7    Dex: 11    Spells: 5/5 levels left

rFire    . . .     SeeInvis .   a - +1 hand axe
rCold    . . .     Gourm    .   q - +0 shield (curse)
rNeg     + . .     Faith    .   s - +0 scale mail
rPois    .         Spirit   .   d - +2 helmet
rElec    .         Reflect  .   (no cloak)
rCorr    .         Harm     .   (no gloves)
MR       +....                  b - +0 centaur barding
Stlth    ..........             (no amulet)
HPRegen  0.17/turn              h - ring of protection from magic
MPRegen  0.11/turn              f - ring of positive energy

@: corroded, very quick
A: large, hooves 3, deformed body, speed 2, tough skin 3
a: Depart the Abyss, Bend Space, Renounce Religion


You were on level 4 of the Dungeon.
You worshipped Lugonu.
Lugonu was pleased with you.
You were not hungry.

You visited 1 branch of the dungeon, and saw 4 of its levels.
You visited the Abyss 1 time.

You collected 211 gold pieces.

Inventory:

Hand Weapons
 a - a +1 hand axe (weapon)
Missiles
 l - 3 tomahawks (quivered)
Armour
 b - a +0 centaur barding (worn)
 d - a +2 helmet (worn)
 q - a cursed +0 shield (worn)
 s - a +0 scale mail (worn)
Jewellery
 f - a ring of positive energy (right hand)
 h - a ring of protection from magic (left hand)
 r - an uncursed ring of positive energy
Scrolls
 e - a scroll of fear {unknown}
 g - 4 scrolls of identify
 i - 2 scrolls of amnesia
 p - a scroll of remove curse
Potions
 j - a potion of curing
 k - a potion of berserk rage {unknown}
 m - a potion of resistance {unknown}
 n - a potion of degeneration {unknown}
 o - 3 potions of invisibility {unknown}
Comestibles
 c - 4 rations


   Skills:
 + Level 4.3 Fighting
 + Level 3.4 Axes
 * Level 2.8 Armour
 + Level 1.4 Dodging
 + Level 0.4 Shields
 * Level 3.6 Invocations


You had 5 spell levels left.
You didn't know any spells.

Dungeon Overview and Level Annotations

Branches:
Dungeon (4/15)             Temple (0/1) D:4

Altars:
Fedhas
Ru
Trog

Annotations:
D:4 exclusion: oklob sapling


Innate Abilities, Weirdness & Mutations

You have hooves in place of feet.
Armour fits poorly on your strangely shaped body.
You cover ground very quickly.
You have extremely tough skin. (AC +3)


Message History

You completely miss the plant. You hit the plant.
Unknown command.
You hit the oklob sapling but do no damage.
The oklob sapling is lightly damaged.
You hit the plant. You hit the plant but do no damage. x2
You completely miss the plant. The oklob sapling spits acid at you.
The splash of acid hits you! The acid corrodes you!
You are splashed with acid!
The acid burns!
* * * LOW HITPOINT WARNING * * *
You hit the oklob sapling but do no damage.
You kick the oklob sapling.
The oklob sapling is moderately damaged.
You hit the plant but do no damage. You hit the plant.
You hit the plant but do no damage. x2
The oklob sapling spits acid at you. The splash of acid hits you!
* * * LOW HITPOINT WARNING * * *
The acid corrodes you!
You are splashed with acid!
The acid burns!
You die... ##.#.# .#.#.# #.#.# .# ...#.# #. #.#.##.# .....###.# #.#....### ##....##># ##........ ......##.# #..PP.P.# ...##.##.# #.PPPP..# ...##.##.# #P.PPPPP#

...#####.####PPP@.P.##
.................PP..#
.(######.####.PPPP...#
.........# #P.P..P..#
#.#####..####.######.#
#.............. .#
#.###.#........ #
#.###.#.........
#.###.#..######.


You could see an oklob sapling.

Vanquished Creatures
  2 killer bees (D:2)
  A hound (D:4)
  A centaur skeleton (D:4)
  An orc priest (D:4)
  3 orc wizards
  A worker ant (D:4)
  4 gnolls (D:2)
  4 adders
  An ooze (D:1)
  A worm (D:3)
  4 leopard geckos
  9 orcs
  3 bats
  4 giant cockroaches
  8 goblins
  5 hobgoblins
  2 jackals (D:1)
  4 frilled lizards
  8 kobolds
  8 rats
  A plant (D:4)
75 creatures vanquished.

Vanquished Creatures (others)
  3 killer bees (D:2)
  A hobgoblin (D:2)
  A frilled lizard (D:2)
5 creatures vanquished.

Grand Total: 80 creatures vanquished

Notes
Turn   | Place    | Note
-------+----------+-------------------------------------------
     0 | Abyss:1  | Gargoyl the Centaur Abyssal Knight began the quest for the Orb.
     0 | Abyss:1  | Reached XP level 1. HP: 19/19 MP: 2/2
    50 | Abyss:1  | Noticed a thrashing horror
    52 | Abyss:1  | Noticed a sixfirhy
    53 | D:1      | Escaped the Abyss
   200 | D:1      | Reached XP level 2. HP: 26/26 MP: 3/3
   593 | D:1      | Reached * piety under Lugonu
   903 | D:1      | Reached XP level 3. HP: 33/33 MP: 4/4
   982 | D:2      | Reached skill level 4 in Fighting
   987 | D:2      | Reached XP level 4. HP: 7/40 MP: 5/5
  1250 | D:2      | Found a sacrificial altar of Ru.
  1262 | D:2      | Reached skill level 1 in Dodging
  1305 | D:2      | Found a bloodstained altar of Trog.
  1464 | D:2      | Reached XP level 5. HP: 14/46 MP: 7/7
  2784 | D:3      | Reached ** piety under Lugonu
  2843 | D:3      | Found a blossoming altar of Fedhas.
  2945 | D:3      | Reached XP level 6. HP: 49/52 MP: 8/8
  2980 | D:3      | Found a blossoming altar of Fedhas.
  3428 | D:4      | Found a staircase to the Ecumenical Temple.
  3469 | D:4      | HP: 2/53 [oklob sapling/splash of acid (6)]
  3469 | D:4      | Splashed by an oklob sapling's acid

Skill      XL: |  1  2  3  4  5 |
---------------+----------------+-----
Axes           | 2 3 |  3.4
Fighting       | 4 |  4.3
Armour         | 2 |  2.8
Dodging        | 1 |  1.4
Invocations    | 3 |  3.6
Shields        | |  0.4

Action                   |  1- 3 |  4- 6 || total
-------------------------+-------+-------++-------
Melee: Hand axe          |    82 |   186 ||   268
       Kick              |    15 |    45 ||    60
Invok: Depart the Abyss  |     1 |       ||     1
  Use: Scroll            |     1 |     7 ||     8
       Potion            |       |     1 ||     1
 Stab: Paralysed         |       |     2 ||     2
  Eat: Ration            |       |     2 ||     2
       Chunk             |       |     1 ||     1
Armor: Leather armour    |    33 |       ||    33
       Ring mail         |    11 |    96 ||   107
       Scale mail        |       |    29 ||    29
Dodge: Dodged            |    47 |    51 ||    98
Block: Shield            |       |    40 ||    40
